 Dungeon Crawl Stone Soup version 0.30-a0-116-g3b1a8e4ee4 (webtiles) character file.

Game seed: 17663723841934451242

266 frimble the Shooter (level 6, 0/43 HPs)
             Began as a Demonspawn Hexslinger on Sept 13, 2022.
             Slain by an orc wizard
             ... wielding a +0 dagger of holy wrath
              (1 damage)
             ... on level 3 of the Dungeon.
             The game lasted 00:02:53 (3251 turns).

frimble the Shooter (Demonspawn Hexslinger)         Turns: 3251, Time: 00:02:54

Health: 0/43       AC:  4    Str: 12    XL:     6   Next: 0%
Magic:  8/8        EV: 12    Int: 15    God:
Gold:   101        SH:  0    Dex: 13    Spells: 6/7 levels left

rFire   . . .      SeeInvis .    a - +1 sling
rCold   . . .      Faith    .    (no shield)
rNeg    . . .      Spirit   .    c - +0 robe
rPois   .          Reflect  .    (no helmet)
rElec   .          Harm     .    (no cloak)
rCorr   .          Rampage  .    (no gloves)
Will    .....                    (no boots)
Stlth   +.........               (no amulet)
HPRegen 0.14/turn                (no ring)
MPRegen 0.11/turn                (no ring)

@: no status effects
A: thin metallic scales 1, ignite blood 1, powered by death 1
a: no special abilities


You were on level 3 of the Dungeon.
You visited 1 branch of the dungeon, and saw 3 of its levels.

You collected 101 gold pieces.

Inventory:

Hand Weapons
 a - a +1 sling (weapon)
Armour
 c - a +0 robe (worn)
 m - a +2 buckler
Scrolls
 e - 6 scrolls of identify
 g - 2 scrolls of teleportation
 k - a scroll of vulnerability {unknown}
 o - a scroll of enchant weapon {unknown}
Potions
 b - a potion of mutation {unknown}
 d - a potion of berserk rage
 f - a potion of cancellation {unknown}
 h - a potion of invisibility {unknown}
 i - 3 potions of haste {unknown}
 j - 2 potions of heal wounds {unknown}
 l - 3 potions of curing {unknown}
 n - 2 potions of might {unknown}


   Skills:
 - Level 1.5 Fighting
 + Level 3.9 Ranged Weapons
 - Level 2.1 Dodging
 + Level 3.1 Shields
 - Level 1.4 Spellcasting
 - Level 3.2 Hexes


You had 6 spell levels left.
You knew the following spells:

 Your Spells              Type           Power      Damage    Failure   Level
a - Slow                  Hex            40%        N/A       6%          1

Your spell library contained the following spells:

 Spells                   Type           Power      Damage    Failure   Level
 Inner Flame              Hex/Fire       6%         N/A       34%         3
 Portal Projectile        Hex/Tloc       12%        N/A       34%         3
 Cause Fear               Hex            5%         N/A       52%         4


Dungeon Overview and Level Annotations

Branches:
Dungeon (3/15)

Altars:


Innate Abilities, Weirdness & Mutations

You are partially covered in thin metallic scales. (AC +2)
Your demonic aura sometimes causes spilled blood to erupt in flames.
You regenerate a little health from kills.


Message History

You are too confused!
Non-targeted confused fire: a) +1 sling
Press: ? - help, Q - select action, (/) - cycle Dir - look around, f - activate You shoot a sling bullet.
Something hits you.
You convulse.
Something hits you. The orc hits you with a +0 club.
Unknown command.
Non-targeted confused fire: a) +1 sling
Press: ? - help, Q - select action, (/) - cycle Dir - look around, f - activate Look: an orc, wielding a +0 club and wearing a +0 leather armour (almost dead)
You shoot a sling bullet. Something hits you but does no damage.
Something hits you. The orc closely misses you.
Unknown command.
You clumsily bash the orc but do no damage.
The orc is almost dead.
Something hits you but does no damage. Something hits you.
The orc hits you with a +0 club. The orc closely misses you.
Something hits you but does no damage. x2
You barely miss the orc.
The orc is almost dead.
Something hits you.
You convulse.
Something barely misses you. The orc barely misses you. Something hits you.
* * * LOW HITPOINT WARNING * * *
The orc attacks as you move away! The orc barely misses you.
You feel less confused.
You shoot a sling bullet.
You hear some strange, mumbled words.
A puff of flame appears from out of thin air!
The puff of flame hits you.
* * * LOW HITPOINT WARNING * * *
You hear some strange, mumbled words.
A puff of flame appears from out of thin air!
The puff of flame hits you!
* * * LOW HITPOINT WARNING * * *
You shoot a sling bullet. Something hits you.
* * * LOW HITPOINT WARNING * * *
You convulse.
You die...

###.#.#...##.#.........######
....#.#+#.##.#####.#####
###.#..............#
###.#....###.#######
.........# #.# ###.##...# #.#
#...+...# #.# ##########
###'#...# #.# #.o.......
#.....###'###@{.......
##....##......{.....).
##...##...(....######
####.'........# #.#........#
#.#........# #.#........#
..########## ..#


You could see an orc.

Vanquished Creatures
  Sigmund (D:2)
  4 adders
  An ufetubus (D:3)
  3 worms
  2 dart slugs
  An orc (D:3)
  5 endoplasms
  A giant cockroach (D:1)
  6 goblins
  5 hobgoblins
  5 kobolds
  3 quokkas
  10 ball pythons
  5 bats
  6 frilled lizards
  2 rats
60 creatures vanquished.

Notes
Turn   | Place    | Note
-------+----------+-------------------------------------------
     0 | D:1      | frimble the Demonspawn Hexslinger began the quest for the
                  | Orb.
     0 | D:1      | Reached XP level 1. HP: 15/15 MP: 2/2
    27 | D:1      | Found a faded altar of an unknown god.
    92 | D:1      | Gained mutation: You regenerate a little health from kills.
                  | [demonic ancestry]
    92 | D:1      | Reached XP level 2. HP: 11/21 MP: 3/3
   727 | D:1      | Gained mutation: You are partially covered in thin metallic
                  | scales. (AC +2) [demonic ancestry]
   727 | D:1      | Reached XP level 3. HP: 7/26 MP: 5/5
  1324 | D:2      | Noticed Sigmund
  1733 | D:2      | Reached skill level 1 in Shields
  2363 | D:2      | Killed Sigmund
  2364 | D:2      | Reached XP level 4. HP: 27/32 MP: 6/6
  2364 | D:2      | Reached XP level 5. HP: 31/37 MP: 7/7
  3245 | D:3      | Gained mutation: Your demonic aura sometimes causes spilled
                  | blood to erupt in flames. [demonic ancestry]
  3245 | D:3      | Reached XP level 6. HP: 35/43 MP: 8/8
  3250 | D:3      | HP: 2/43 [something/puff of flame (8)]
  3251 | D:3      | Slain by an orc wizard

Illustrated notes

Levels and vault maps discovered:
D:1:      minmay_arrival_four_houses, layout_loops_cross,
          dreamdust_ecumenical_altar_statues, minmay_close_crescents
D:2:      layout_loops_ring, feat_on_display, uniq_sigmund
D:3:      layout_basic, kennysheep_cluttered_room

Skill      XL: |  1  2  3  4  5 |
---------------+----------------+-----
Ranged Weapons | 2 3 |  3.9
Dodging        | 2 |  2.1
Shields        | 2 3 |  3.1
Fighting       | |  1.5
Spellcasting   | |  1.4
Hexes          | |  3.2

Action                   |  1- 3 |  4- 6 || total
-------------------------+-------+-------++-------
Melee: Sling             |       |     2 ||     2
 Fire: Sling             |   194 |    62 ||   256
 Cast: Slow              |     2 |       ||     2
  Use: Scroll            |     5 |       ||     5
Armor: Robe              |    40 |    13 ||    53
Dodge: Dodged            |    92 |    28 ||   120

Table legend: (Time is in decaauts)
 A = Elapsed time spent in this place.
 B = Non-inter-level travel time spent in this place.
 C = Inter-level travel time spent in this place.
 D = Time resting spent in this place.
 E = Time spent auto-exploring this place.
 F = Levels seen in this place.
 G = Mean time per level.
                   A        B        C        D        E       F      G
               +--------+--------+--------+--------+--------+-----+--------+
         Total |   3321 |   3210 |    111 |      0 |   2712 |   3 | 1107.0 |
       Dungeon |   3321 |   3210 |    111 |      0 |   2712 |   3 | 1107.0 |
               +--------+--------+--------+--------+--------+-----+--------+

Top non-repeatable levels by time:
     D:1: 1629 daAuts
     D:2: 913 daAuts
     D:3: 778 daAuts
